Map: Turbo Cruise '84 LE

Players

MarineLorD - Winner!

  • Race: Terran Terran
  • Spawn Location: 3:00

Cham

  • Race: Zerg Zerg
  • Spawn Location: 7:00

Event: 2019 WCS Summer

VOD

Have the link to the VOD?

Description

Time

  • Played on: July 12, 2019, 10:14 a.m.
  • Length: 3:06

All games in this series

Show
View Real Time Build Order
Export as new Build Order

MarineLorD Terran - Winner!

Build Orders:  

Get SALT Encoding   

  12  0:00  SCV  
  13  0:12  SCV  
  14  0:17  Supply Depot  
  14  0:24  SCV  
  15  0:39  Barracks  
  15  0:56  Barracks  
  15  1:07  Barracks  
  15  1:09  SCV  
  16  1:26  Orbital Command, Marine  
  17  1:42  Marine  
  17  1:44  Marine  
  19  1:49  Supply Depot  
  19  1:51  SCV  
  19  1:53  Marine  
  21  2:00  Marine  
  22  2:02  Marine  
  22  2:08  Bunker  
  23  2:13  Bunker  
  23  2:15  Marine  
  23  2:18  Marine  
  23  2:20  Marine  
  26  2:33  Marine  
  26  2:36  Marine  
  26  2:41  Marine, SCV  
  22  2:53  SCV  
  23  3:01  Refinery  
Show
View Real Time Build Order
Export as new Build Order

Cham Zerg 

Build Orders: Hatch First 

Get SALT Encoding   

  12  0:00  Drone  
  13  0:09  Drone  
  14  0:19  Overlord  
  14  0:37  Drone x2  
  16  0:51  Hatchery  
  16  0:55  Drone  
  16  1:08  Spawning Pool  
  15  1:11  Drone  
  15  1:14  Drone  
  17  1:19  Extractor  
  16  1:31  Drone  
  17  1:38  Drone  
  18  2:00  Zergling x6  
  21  2:02  Queen  
  21  2:05  Queen  
  25  2:12  Zergling x4  
  27  2:18  Zergling x2  
  20  2:47  Zergling x2  
Tags
 
Add a new tag
Caveats
  • Supply blocks, unpowered buildings, or Contaminate may cause inaccurate times.
  • Supply counts are checked every 10 seconds.